 Dungeon Crawl Stone Soup version 0.21-a0-583-g2c32b0f (webtiles) character file.

113747 Inus the Warrior (level 16, -13/136 HPs)
             Began as a Minotaur Fighter on Dec 19, 2017.
             Was the Champion of Hepliaklqana.
             Killed from afar by Aizul (34 damage)
             ... with a poison arrow
             ... on level 3 of the Swamp.
             The game lasted 01:17:54 (19577 turns).

Inus the Warrior (Minotaur Fighter)                Turns: 19577, Time: 01:17:56

Health: -13/136    AC: 31    Str: 37    XL:     16   Next: 14%
Magic:  15/15      EV: 24    Int:  7    God:    Hepliaklqana [******]
Gold:   1256       SH: 17    Dex: 21    Spells: 15/15 levels left

rFire    + + .     SeeInvis .   w - +8 double sword (slice)
rCold    + . .     Gourm    .   c - +1 shield
rNeg     . . .     Faith    .   n - +4 plate armour {rF+}
rPois    .         Spirit   .   (helmet unavailable)
rElec    .         Reflect  .   k - +2 cloak
rCorr    .         Harm     .   l - +1 pair of gloves {Str+3}
MR       ++...                  h - +2 pair of boots
Stlth    ..........             m - amulet of regeneration
HPRegen  0.72/turn              B - ring "Kiel Asyl" {rF+ MR+ Int+2 Dex+2}
MPRegen  0.14/turn              Z - +3 ring of strength

@: mighty, agile, lethally poisoned (-13 -> -18)
A: retaliatory headbutt, reduced essence, horns 3, thin skeletal structure 1,
cold resistance 1
a: Recall Ancestor, Ancestor Identity, Transference, Idealise, Renounce Religion


You were on level 3 of the Swamp.
You worshipped Hepliaklqana.
Hepliaklqana was exalted by your worship.
You were not hungry.

You visited 4 branches of the dungeon, and saw 25 of its levels.
You also visited: Ice Cave.

You collected 2110 gold pieces.
You spent 854 gold pieces at shops.

Inventory:

Hand Weapons
 u - a +3 scimitar of flaming
 w - a +8 double sword of slicing (weapon)
 Q - a +0 arbalest of freezing
 R - the +8 Wrath of Trog {antimagic, *Rage}
   (You found it in an ice cave)

   It reduces the magical energy of the wielder, and disrupts the spells and
   magical abilities of those hit.
   Natural abilities and divine invocations are not affected.
   It may make you go berserk in combat.
 X - a +1 scimitar of holy wrath
Missiles
 g - 111 bolts
 y - 468 arrows
 M - 2 throwing nets (quivered)
Armour
 c - a +1 shield (worn)
 h - a +2 pair of boots (worn)
 k - a +2 cloak (worn)
 l - a +1 pair of gloves of strength (worn)
 n - a +4 plate armour of fire resistance (worn)
Jewellery
 j - an uncursed ring of flight
 m - an amulet of regeneration (around neck)
 B - the ring "Kiel Asyl" (left hand) {rF+ MR+ Int+2 Dex+2}
   (You bought it in a shop on level 1 of the Orcish Mines)

   [ring of intelligence]

   It affects your intelligence (+2).
   It affects your dexterity (+2).
   It protects you from fire.
   It affects your resistance to hostile enchantments.
 S - an uncursed ring of protection from cold
 Z - a +3 ring of strength (right hand)
Wands
 e - a wand of polymorph (9)
 o - a wand of paralysis (21)
 r - a wand of iceblast (9)
 t - a wand of flame (99)
 x - a wand of disintegration (14)
 I - a wand of clouds (4)
 O - a wand of enslavement (18)
 V - a wand of acid (6)
Scrolls
 d - 6 scrolls of identify
 i - 20 scrolls of remove curse
 p - 11 scrolls of teleportation
 s - 7 scrolls of amnesia
 A - 5 scrolls of blinking
Potions
 b - 2 potions of curing
 C - a potion of haste
 E - a potion of invisibility {unknown}
 G - a potion of agility
 J - a potion of cancellation
 L - 4 potions of flight
 U - a potion of berserk rage
Books
 a - a book of Minor Magic

   Spells                             Type                      Level
   a - Magic Dart                     Conjuration                  1
   b - Blink                          Translocation                2
   c - Call Imp                       Summoning                    2
   d - Slow                           Hexes                        2
   e - Conjure Flame                  Conjuration/Fire             3
   f - Mephitic Cloud                 Conjuration/Poison/Air       3
Miscellaneous
 q - a lightning rod (4/4)
 z - a box of beasts
 D - a phantom mirror
Comestibles
 f - 46 rations
 v - 2 chunks of flesh


   Skills:
 + Level 16.7 Fighting
 + Level 14.5 Long Blades
 - Level 6.1 Crossbows
 + Level 15.4 Armour
 + Level 12.8 Dodging
 + Level 15.4 Shields


You had 15 spell levels left.
You didn't know any spells.

Dungeon Overview and Level Annotations

Branches:
Dungeon (13/15)            Temple (0/1) D:5            Lair (6/6) D:9
  Swamp (4/4) Lair:2        Snake (0/4) Lair:4        Slime (0/5) Lair:5
    Orc (2/2) D:11            Elf (0/3) Orc:2
 Vaults: D:13-14

Altars:
Fedhas
Hepliaklqana
Makhleb
Okawaru
Ru
Uskayaw
Vehumet
Beogh
Jiyva

Shops:
D:4 %!=[   Orc:1 =   Orc:2 ?(=%

Annotations:
D:7 exclusion: ice statue
Swamp:3 Aizul


Innate Abilities, Weirdness & Mutations

You reflexively headbutt those who attack you in melee.
You have a pair of large horns on your head.
Your life essence is reduced to manifest your ancestor. (-10% HP)
You have a somewhat thin skeletal structure. (Dex +2, Stealth)
Your flesh is cold resistant. (rC+)


Message History

You completely miss Aizul.
Aizul is moderately wounded.
You feel sick. Aizul barely misses you.
You slice Aizul!! Your headbutt misses Aizul.
Aizul is severely wounded.
You feel sick.
Aizul coils herself and waves her upper body at you.
The poison arrow hits you!
You are more poisoned.
* * * LOW HITPOINT WARNING * * *
You feel better.
Aizul coils herself and waves her upper body at you.
You block the poison arrow.
You slash Aizul! You headbutt Aizul!
Aizul is almost dead.
Aizul hits you but does no damage. Aizul casts a spell at you.
The poison arrow hits you!
You are poisoned.
You die...

.♣♣♣♣♣ ♣≈≈.♣♣..##..####♣≈≈.≈..♣
≈.♣♣.♣♣♣♣.♣♣♣..........♣♣.≈.≈♣♣
≈≈≈.≈.≈.....♣♣♣♣≈≈≈♣.♣♣♣....♣♣
...≈≈≈≈≈......♣♣≈.§≈≈♣.≈≈.≈≈.♣
.≈≈≈..≈≈≈≈♣...≈.≈.≈.≈.....♣.♣♣
.≈♣≈≈.≈≈♣≈.≈≈≈≈≈≈≈.≈.♣...≈.≈.♣
.♣♣≈.≈≈..≈≈≈♣.≈§≈≈.≈≈♣.....≈.♣
≈≈.≈≈♣♣♣♣§.≈.≈≈S≈≈≈≈.[♣..≈..♣♣
≈≈.♣♣♣ ♣♣♣.≈≈..@♣≈≈≈.≈..≈...♣
.♣♣ ♣♣....≈†....≈..♣♣≈.♣♣
♣♣...≈♣♣♣.....♣♣...♣ ♣♣.≈.♣
♣♣♣.≈≈♣♣♣.♣♣ ♣≈≈.♣♣ ♣♣♣≈.♣♣♣♣
♣.≈.♣ ♣.♣≈♣ ♣..♣♣ ♣♣≈≈♣ §.≈♣
♣♣. ≈≈.. .♣


You could see Aizul.

Vanquished Creatures
  Rupert (Lair:6)
  2 thorn hunters (Swamp:3)
  The ghost of Coron the Blocker, a journeyman DDCK of Xom (Swamp:3)
  Azrael (D:12)
  A dire elephant (Lair:6)
  Josephine (Lair:5)
  An ogre mage (Orc:2)
  Harold (Lair:1)
  10 hydras
  4 alligators
  12 two-headed ogres
  Erica (Lair:2)
  7 death yaks
  Urug (Lair:5)
  The ghost of TheJollyRoger the Archer, a novice CeHu of Okawaru (D:6)
  2 deep trolls (Orc:2)
  A swamp dragon (Swamp:3)
  2 spriggan druids
  2 orc knights
  2 ugly things
  3 oklob plants
  A cyclops (Orc:2)
  6 elephants
  4 black mambas
  12 spiny frogs
  A gargoyle (D:10)
  2 rime drakes (Lair:6)
  10 komodo dragons
  12 trolls
  2 tyrant leeches (Swamp:3)
  4 bog bodies
  19 polar bears
  12 blink frogs
  A wind drake (Lair:6)
  9 hornets
  7 slime creatures
  18 hippogriffs
  3 spriggans
  Sigmund (D:3)
  2 shadows (D:11)
  4 wyverns
  5 wraiths
  3 fire elementals (D:12)
  42 yaks
  A basilisk (Lair:2)
  A hungry ghost (D:11)
  11 vampire mosquitoes
  3 swamp worms
  Edmund (D:5)
  A naga (shapeshifter) (D:11)
  3 wargs
  14 water moccasins
  A hell hound (D:12)
  8 porcupines
  17 orc warriors
  2 black bears
  2 swamp drakes
  6 ice beasts
  4 phantoms
  A sky beast (D:8)
  A necrophage (D:7)
  15 ogres
  28 wolves
  11 centaurs
  10 crocodiles
  2 big kobolds
  12 bullfrogs
  A gnoll sergeant (D:8)
  A water moccasin zombie (D:10)
  6 scorpions
  22 killer bees (D:11)
  3 wights (D:12)
  4 howler monkeys
  6 crimson imps
  2 centaur zombies (D:11)
  A bullfrog zombie (D:8)
  3 bullfrog skeletons
  4 centaur skeletons
  4 hounds
  2 jellies
  2 gnoll shamans
  27 orc priests
  15 orc wizards
  3 iguanas
  10 worker ants
  2 hound zombies (D:7)
  A hound skeleton (D:11)
  2 worker ant zombies
  10 adders
  13 gnolls
  A howler monkey skeleton (D:6)
  2 shadow imps
  3 dart slugs
  2 worms
  A leopard gecko (D:1)
  81 orcs
  2 ball pythons
  11 giant cockroaches
  6 hobgoblins
  16 jackals
  5 quokkas
  5 bats
  4 frilled lizards
  7 goblins
  7 kobolds
  A leopard gecko skeleton (D:5)
  2 quokka zombies
  9 rats
  3 briar patches (Swamp:3)
  2 plants
706 creatures vanquished.

Vanquished Creatures (collateral kills)
  A frost giant (IceCv)
  An ogre mage (Orc:2)
  3 hydras
  A merfolk avatar (Lair:6)
  2 two-headed ogres
  A death yak (Lair:6)
  Nergalle (D:12)
  A spriggan (Swamp:3)
  A cyclops (Orc:2)
  2 black mambas (Lair:4)
  2 elephants (Lair:3)
  5 spiny frogs
  A komodo dragon (Lair:6)
  A rime drake (Lair:6)
  A tengu conjurer (D:12)
  A queen bee (D:11)
  A tyrant leech (Swamp:2)
  A hornet (Swamp:3)
  3 blink frogs
  2 slime creatures (Swamp:3)
  A bog body (Swamp:3)
  2 hippogriffs (Lair:6)
  3 wraiths
  16 yaks
  A fire elemental (D:12)
  A vampire mosquito (Swamp:2)
  A warg (Lair:1)
  4 water moccasins
  A porcupine (Lair:1)
  4 orc warriors
  A swamp drake (Swamp:3)
  4 wolves
  4 ogres
  A phantom (D:8)
  3 centaurs
  2 crocodiles
  2 bullfrogs
  Blork the orc (D:6)
  A scorpion (Lair:3)
  9 killer bees (D:11)
  2 wights (D:12)
  2 electric eels
  A howler monkey (D:12)
  3 hounds
  4 orc priests
  A bullfrog skeleton (D:10)
  5 orc wizards
  An iguana (D:10)
  2 worker ants
  A hound zombie (D:8)
  2 adders
  4 gnolls
  A worm (D:3)
  A leopard gecko (D:5)
  26 orcs
  A hobgoblin (D:3)
  2 quokkas
  A jackal skeleton (D:6)
  A briar patch (Swamp:3)
  2 plants
157 creatures vanquished.

Vanquished Creatures (others)
  A water elemental (D:12)
  4 electric eels (D:12)
  A bullfrog zombie (D:12)
  12 battlemagi
  An ancestor (D:3)
  3 fungi
  15 plants
37 creatures vanquished.

Grand Total: 900 creatures vanquished

Notes
Turn   | Place    | Note
-------+----------+-------------------------------------------
     0 | D:1      | Inus the Minotaur Fighter began the quest for the Orb.
     0 | D:1      | Reached XP level 1. HP: 19/19 MP: 0/0
   215 | D:1      | Reached XP level 2. HP: 26/26 MP: 1/1
   787 | D:2      | Reached XP level 3. HP: 24/31 MP: 2/2
  1017 | D:2      | Reached skill level 5 in Long Blades
  1041 | D:2      | Found a hazy altar of Hepliaklqana.
  1045 | D:2      | Found a blossoming altar of Fedhas.
  1055 | D:2      | Became a worshipper of Hepliaklqana the Forgotten
  1382 | D:2      | Reached XP level 4. HP: 35/35 MP: 3/3
  1693 | D:3      | Gained mutation: Your spells are a little easier to cast, but a little less powerful. [potion of mutation]
  1693 | D:3      | Gained mutation: Your magical capacity is low. (-10% MP) [potion of mutation]
  1693 | D:3      | Gained mutation: Your magical capacity is very low. (-20% MP) [potion of mutation]
  1693 | D:3      | Gained mutation: You have a somewhat thin skeletal structure. (Dex +2, Stealth) [potion of mutation]
  1694 | D:3      | Lost mutation: Your magical capacity is very low. (-20% MP) [potion of mutation]
  1694 | D:3      | Lost mutation: Your magical capacity is low. (-10% MP) [potion of mutation]
  1694 | D:3      | Lost mutation: Your spells are a little easier to cast, but a little less powerful. [potion of mutation]
  1694 | D:3      | Gained mutation: Your flesh is cold resistant. (rC+) [potion of mutation]
  1694 | D:3      | Gained mutation: You have a pair of large horns on your head. [potion of mutation]
  1968 | D:3      | Found a hide-covered altar of Uskayaw.
  1981 | D:3      | Reached * piety under Hepliaklqana
  2094 | D:3      | Reached XP level 5. HP: 40/40 MP: 4/4
  2121 | D:3      | Noticed Sigmund
  2129 | D:3      | Killed Sigmund
  2129 | D:3      | Reached XP level 6. HP: 45/45 MP: 5/5
  2642 | D:4      | Noticed an ice beast
  2649 | D:4      | Killed an ice beast
  2656 | D:4      | Found Ady Siom's Food Boutique.
  2724 | D:4      | Found Vagec's Distillery.
  2752 | D:4      | Found Duclixy's Jewellery Shop.
  2893 | D:4      | Reached ** piety under Hepliaklqana
  2894 | D:4      | Remembered your ancestor Aero as a battlemage
  2913 | D:4      | Found Dorik's Antique Armour Boutique.
  3286 | D:5      | Entered Level 5 of the Dungeon
  3307 | D:5      | Reached XP level 7. HP: 51/51 MP: 6/6
  3334 | D:5      | Found a staircase to the Ecumenical Temple.
  3372 | D:5      | Noticed Edmund
  3403 | D:5      | Reached skill level 10 in Long Blades
  3407 | D:5      | Killed Edmund
  3488 | D:5      | Found a burning altar of Makhleb.
  3567 | D:5      | Reached XP level 8. HP: 57/57 MP: 7/7
  4357 | D:6      | Reached *** piety under Hepliaklqana
  4438 | D:6      | Noticed Blork the orc
  4445 | D:6      | Killed Blork the orc
  4502 | D:6      | Noticed TheJollyRoger's ghost (novice CeHu)
  4614 | D:7      | Reached XP level 9. HP: 63/63 MP: 8/8
  4766 | D:7      | Noticed a two-headed ogre
  4771 | D:7      | Killed a two-headed ogre
  4771 | D:7      | Reached skill level 5 in Fighting
  4771 | D:7      | Reached skill level 5 in Armour
  4781 | D:7      | Reached skill level 6 in Fighting
  5085 | D:7      | Noticed an ice statue
  5181 | D:8      | Reached skill level 7 in Fighting
  5814 | D:8      | Reached **** piety under Hepliaklqana
  5851 | D:8      | Reached XP level 10. HP: 70/77 MP: 9/9
  5904 | D:8      | Noticed a two-headed ogre
  5915 | D:8      | Killed a two-headed ogre
  5915 | D:8      | Reached skill level 8 in Fighting
  6141 | D:8      | Identified a scroll of acquirement
  6360 | D:6      | Killed TheJollyRoger's ghost
  6360 | D:6      | Reached skill level 9 in Fighting
  6859 | D:9      | You fall through a shaft for 2 floors!
  6948 | D:11     | Reached skill level 10 in Fighting
  6948 | D:11     | Reached skill level 10 in Armour
  7068 | D:10     | Entered Level 10 of the Dungeon
  7208 | D:10     | Noticed a two-headed ogre
  7216 | D:10     | Killed a two-headed ogre
  7216 | D:10     | Reached XP level 11. HP: 90/90 MP: 10/10
  7253 | D:10     | Reached skill level 1 in Dodging
  7324 | D:10     | Reached skill level 11 in Fighting
  7338 | D:10     | Found a hazy altar of Hepliaklqana.
  7393 | D:10     | Noticed a brown ugly thing
  7404 | D:10     | Killed a brown ugly thing
  8014 | D:11     | Noticed a two-headed ogre
  8017 | D:11     | Killed a two-headed ogre
  8031 | D:11     | Noticed a purple ugly thing
  8039 | D:11     | Killed a purple ugly thing
  8042 | D:11     | Reached skill level 12 in Fighting
  8042 | D:11     | Reached skill level 5 in Dodging
  8276 | D:11     | Reached ***** piety under Hepliaklqana
  8375 | D:11     | Reached skill level 13 in Fighting
  8451 | D:11     | Found a roughly hewn altar of Beogh.
  8451 | D:11     | Found a staircase to the Orcish Mines.
  8453 | D:11     | Noticed an orc knight
  8478 | D:11     | Killed an orc knight
  8478 | D:11     | Reached XP level 12. HP: 64/103 MP: 11/11
  8611 | D:11     | Noticed a seven-headed hydra
  8616 | D:11     | Killed a seven-headed hydra
  8989 | D:12     | Noticed Nergalle
  8998 | D:12     | Killed Nergalle
  9191 | D:12     | Noticed a two-headed ogre
  9199 | D:12     | Killed a two-headed ogre
  9199 | D:12     | Reached skill level 14 in Fighting
  9359 | D:12     | Noticed Azrael
  9369 | D:12     | Killed Azrael
  9624 | D:12     | Reached skill level 10 in Dodging
  9794 | D:13     | Noticed a tengu warrior
  9942 | Orc:1    | Entered Level 1 of the Orcish Mines
  9982 | Orc:2    | Entered Level 2 of the Orcish Mines
 10128 | Orc:2    | Found Duppele's Magic Scroll Shoppe.
 10129 | Orc:2    | Noticed a two-headed ogre
 10130 | Orc:2    | Noticed a two-headed ogre
 10142 | Orc:2    | Killed a two-headed ogre
 10142 | Orc:2    | Reached skill level 15 in Fighting
 10144 | Orc:2    | Killed a two-headed ogre
 10157 | Orc:2    | Noticed a two-headed ogre
 10169 | Orc:2    | Killed a two-headed ogre
 10250 | Orc:2    | Reached XP level 13. HP: 100/114 MP: 12/12
 10353 | Orc:2    | Reached skill level 16 in Fighting
 10398 | Orc:2    | Found Relidam's Antique Weapon Emporium.
 10408 | Orc:2    | Found Gysyxag's Jewellery Boutique.
 10413 | Orc:2    | Bought a scroll of enchant weapon for 97 gold pieces
 10413 | Orc:2    | Bought a scroll of enchant armour for 97 gold pieces
 10413 | Orc:2    | Bought a scroll of enchant weapon for 97 gold pieces
 10425 | Orc:2    | Found Goeq's Food Shoppe.
 10527 | Orc:2    | Found a radiant altar of Vehumet.
 10608 | Orc:2    | Found a staircase to the Elven Halls.
 11299 | Orc:1    | Found Taniatee's Jewellery Emporium.
 11307 | Orc:1    | Bought the ring "Kiel Asyl" {rF+ MR+ Int+2 Dex+2} for 563 gold pieces
 11651 | Orc:1    | Reached skill level 5 in Shields
 11678 | Orc:1    | Found a roughly hewn altar of Beogh.
 11964 | D:9      | Found a sacrificial altar of Ru.
 11991 | D:9      | Found a staircase to the Lair.
 12197 | D:9      | Found an iron altar of Okawaru.
 12713 | Lair:1   | Entered Level 1 of the Lair of Beasts
 12838 | Lair:1   | Noticed Harold
 12845 | Lair:1   | Killed Harold
 13108 | Lair:1   | Reached skill level 10 in Shields
 13488 | Lair:2   | Reached XP level 14. HP: 124/124 MP: 13/13
 13495 | Lair:2   | Found a staircase to the Swamp.
 13500 | Lair:2   | Found a frozen archway.
 13530 | IceCv    | Entered an ice cave
 13589 | IceCv    | Reached ****** piety under Hepliaklqana
 14278 | IceCv    | Noticed a frost giant
 14305 | IceCv    | Killed a frost giant
 14350 | IceCv    | Found the +8 Wrath of Trog {antimagic, *Rage}
 14607 | Lair:2   | Noticed Erica
 14612 | Lair:2   | Killed Erica
 15474 | Lair:3   | Identified Sif Muna's Handbook of Aerial Creation
 15649 | Lair:4   | Found a staircase to the Snake Pit.
 15963 | Lair:4   | Reached skill level 15 in Shields
 16380 | Lair:5   | Noticed Josephine
 16405 | Lair:5   | Killed Josephine
 16473 | Lair:5   | Noticed Urug
 16482 | Lair:5   | Killed Urug
 16762 | Lair:5   | Reached XP level 15. HP: 127/130 MP: 14/14
 16804 | Lair:5   | Found a blossoming altar of Fedhas.
 16957 | Lair:5   | Found a viscous altar of Jiyva.
 16957 | Lair:5   | Found a staircase to the Slime Pits.
 17252 | Lair:6   | Entered Level 6 of the Lair of Beasts
 17252 | Lair:6   | Noticed Rupert
 17263 | Lair:6   | Killed Rupert
 17663 | Lair:6   | Reached skill level 15 in Armour
 17712 | Lair:6   | Reached skill level 1 in Crossbows
 18508 | Swamp:1  | Entered Level 1 of the Swamp
 18587 | Swamp:1  | Reached skill level 5 in Crossbows
 18944 | Swamp:3  | Noticed a thorn hunter
 18953 | Swamp:3  | Killed a thorn hunter
 18995 | Swamp:3  | Noticed Coron's ghost (journeyman DDCK)
 19008 | Swamp:3  | Killed Coron's ghost
 19121 | Swamp:3  | Noticed a thorn hunter
 19134 | Swamp:3  | Killed a thorn hunter
 19212 | Swamp:3  | Reached XP level 16. HP: 128/136 MP: 15/15
 19541 | Swamp:4  | Entered Level 4 of the Swamp
 19541 | Swamp:4  | Noticed Aizul
 19577 | Swamp:3  | Killed from afar by Aizul

Vault maps used:
D:1:      mushboom_english_gardens
D:2:      minitemple, first_ration
D:3:      eat_drink_and_be_merry_uskayaw, hangedman_decor_riveting,
          minmay_bisected, uniq_sigmund
D:4:      serial_shops, nicolae_shop_trees, shop,
          nicolae_shop_competitors_out_of_business, kennysheep_mini_moat,
          hex_medium
D:5:      minmay_temple_entry_statues_fountains, bloody_makhleb, uniq_edmund
D:6:      uniq_blork_the_orc
D:7:      lemuel_ice_statue
D:8:      kennysheep_ambush_hall, blue_anna_alchemist,
          kennysheep_generic_room_13
D:9:      nicolae_ru_great_annihilating_truth, erik_lair_orcish_takeover,
          okawaru_gym_becter
D:10:     basic_altar
D:11:     regret_index_bee_streams, david_orc_5
D:12:     uniq_nergalle, uniq_azrael
D:13:     minmay_four_partial_circles, erik_vaults_1, serial_shops,
          nicolae_shop_trees, grunt_ministairs_1
Lair:1:   beast_lair_carwin_large_1, uniq_harold
Lair:2:   swamp_mist_pool, portal_ice_cave_entry_pillars_1, lab_entry_generic,
          uniq_erica
Lair:3:   serial_bayou, serial_bayou_pond_e, serial_bayou_shore_b,
          serial_bayou_lagoon_a, serial_bayou_pond_d, gammafunk_lair_bear_cave
Lair:4:   dummy_snake_entry, grunt_megastairs_1, minmay_lair_oklob_chamber
Lair:5:   dpeg_slime_entry_enclosed_altar, lemuel_oklob_altar, uniq_urug,
          uniq_josephine
Lair:6:   gammafunk_lair_ancient_temple, minivault_27,
          nicolae_lair_grove_arrangements, uniq_rupert
Swamp:1:  evilmike_swamp_ruin_rubble_2, uniq_kirke
Swamp:2:  evilmike_swamp_ruin_house_2
Swamp:3:  hangedman_swamp_ruin_hall, swamp_pool5
Swamp:4:  swamp_vile, uniq_aizul
Orc:1:    serial_shops, shop, nicolae_volcano_entry_two_sided,
          david_defended_altar_orc
Orc:2:    st_orc_open, basic_altar
IceCv:    ice_cave_caverns_03

Skill      XL: |  1  2  3  4  5  6  7  8  9 10 11 12 13 14 15 |
---------------+----------------------------------------------+-----
Long Blades    | 3 4 5 6 7 9 11 13 14 | 14.5
Armour         | 7 10 12 15 | 15.4
Fighting       | 7 10 13 15 16 | 16.7
Dodging        | 7 11 12 | 12.8
Shields        | 10 15 | 15.4
Crossbows      | 6 |  6.1

Action                   |  1- 3 |  4- 6 |  7- 9 | 10-12 | 13-15 | 16-18 || total
-------------------------+-------+-------+-------+-------+-------+-------++-------
Melee: Long sword        |    98 |    89 |   156 |       |       |       ||   343
       Headbutt          |    15 |    16 |    65 |    98 |   233 |    13 ||   440
       Scimitar          |       |       |   140 |    31 |    39 |     5 ||   215
       Double sword      |       |       |       |   434 |   768 |    50 ||  1252
Invok: Ancestor Identity |     1 |       |       |       |       |       ||     1
       Ancestor Life: Ba |       |     1 |       |       |       |       ||     1
       Recall Ancestor   |       |       |     1 |     1 |       |       ||     2
Evoke: Wand              |       |       |     1 |     8 |       |     3 ||    12
  Use: Potion            |       |    10 |     5 |     8 |     5 |     5 ||    33
       Scroll            |       |     7 |     7 |    12 |    18 |     1 ||    45
 Stab: Distracted        |       |       |       |     4 |    10 |     1 ||    15
       Paralysed         |       |       |       |       |     1 |       ||     1
  Eat: Chunk             |     2 |     6 |     8 |    12 |    13 |     1 ||    42
       Ration            |       |       |       |     1 |     5 |       ||     6
Armor: Scale mail        |    37 |       |       |       |       |       ||    37
       Chain mail        |     6 |    27 |       |       |       |       ||    33
       Plate armour      |       |    16 |   101 |   283 |   230 |    29 ||   659
Dodge: Dodged            |    39 |    10 |    43 |   178 |   370 |    29 ||   669
Block: Shield            |    50 |    35 |    96 |   228 |   497 |    32 ||   938
       Rpst.: Long sword |     6 |     3 |     3 |       |       |       ||    12
       Scimitar          |       |       |     7 |     3 |     6 |     1 ||    17
       Double sword      |       |       |       |    35 |    68 |     4 ||   107

Table legend:
 A = Spawn XP
 B = Non-spawn XP
 C = Spawn XP percentage of total XP
 D = Spawn monster count
 E = Non-spawn monster count
 F = Spawn count percentage of total count
 G = Total turns spent on level
                    A         B        C        D         E        F      G
               +---------+---------+-------+---------+---------+-------+---------
         Total |       0 |  162497 |   0.0 |       0 |     855 |   0.0 | 19577
               +---------+---------+-------+---------+---------+-------+---------
           D:1 |       0 |      34 |   0.0 |       0 |      17 |   0.0 |   763
           D:2 |       0 |      63 |   0.0 |       0 |      30 |   0.0 |   858
           D:3 |       0 |     341 |   0.0 |       0 |      23 |   0.0 |   977
           D:4 |       0 |     261 |   0.0 |       0 |       9 |   0.0 |   688
           D:5 |       0 |    1056 |   0.0 |       0 |      45 |   0.0 |   912
           D:6 |       0 |    1984 |   0.0 |       0 |      26 |   0.0 |   696
           D:7 |       0 |    2014 |   0.0 |       0 |      25 |   0.0 |   718
           D:8 |       0 |    2638 |   0.0 |       0 |      37 |   0.0 |  1191
           D:9 |       0 |    4655 |   0.0 |       0 |      36 |   0.0 |   836
          D:10 |       0 |    4390 |   0.0 |       0 |      35 |   0.0 |  1018
          D:11 |       0 |   11367 |   0.0 |       0 |     108 |   0.0 |  1256
          D:12 |       0 |    7677 |   0.0 |       0 |      44 |   0.0 |   931
          D:13 |       0 |      97 |   0.0 |       0 |       2 |   0.0 |     7
        Lair:1 |       0 |    7142 |   0.0 |       0 |      35 |   0.0 |   760
        Lair:2 |       0 |    6373 |   0.0 |       0 |      25 |   0.0 |   611
        Lair:3 |       0 |    6812 |   0.0 |       0 |      24 |   0.0 |   712
        Lair:4 |       0 |    6243 |   0.0 |       0 |      21 |   0.0 |   847
        Lair:5 |       0 |   10795 |   0.0 |       0 |      36 |   0.0 |   923
        Lair:6 |       0 |   24551 |   0.0 |       0 |      53 |   0.0 |  1097
       Swamp:1 |       0 |    5873 |   0.0 |       0 |      15 |   0.0 |   133
       Swamp:2 |       0 |    4365 |   0.0 |       0 |      12 |   0.0 |   295
       Swamp:3 |       0 |   20823 |   0.0 |       0 |      38 |   0.0 |   628
       Swamp:4 |       0 |     717 |   0.0 |       0 |       3 |   0.0 |    13
         Orc:1 |       0 |    1226 |   0.0 |       0 |      20 |   0.0 |   815
         Orc:2 |       0 |   19138 |   0.0 |       0 |      92 |   0.0 |  1047
         IceCv |       0 |   11862 |   0.0 |       0 |      44 |   0.0 |   845
               +---------+---------+-------+---------+---------+-------+---------
